 Dungeon Sprint DCSS version 0.27.1-1-g398f81649c (webtiles) character file.

Game seed: 17374829726448638872

815 boopmooplesden the Severer (level 11, -1/105 HPs)
             Began as a Minotaur Fighter on Sept 18, 2021.
             Was a High Priest of Okawaru.
             Slain by a merfolk aquamancer (15 damage)
             ... in the Dungeon (Sprint VI: "Thunderdome").
             The game lasted 00:05:09 (920 turns).

boopmooplesden the Severer (Minotaur Fighter)        Turns: 920, Time: 00:05:09

Health: -1/105     AC: 14    Str: 28    XL:     11   Next: 20%
Magic:  11/12      EV: 13    Int:  8    God:    Okawaru [*****.]
Gold:   387        SH: 14    Dex: 12    Spells: 11/11 levels left

rFire    + . .     SeeInvis .   a - +0 war axe
rCold    + + +     Faith    .   c - +0 kite shield
rNeg     + + +     Spirit   .   b - +0 scale mail
rPois    .         Reflect  .   f - +2 hat "Woqulu" {Int+3}
rElec    .         Harm     .   p - +0 cloak
rCorr    .         Rampage  .   o - +0 pair of gloves
Will     .....     NoTele   +   (no boots)
Stlth    ..........             q - amulet of Tomorrow {rN+ Regen+ Dex+2}
HPRegen  1.27/turn              d - ring of Duthatokh {rN+ Str+6 Int-4 Dex+4}
MPRegen  0.13/turn              r - ring "Rogg" {*Slow Fly rC+++ rN+ Int+6}

@: unable to read, flying
A: horns 2, retaliatory headbutt, clumsy 2, dopey 1, fire resistance 1, weak 1,
inability to read while threatened
}: 1/15 runes: serpentine
a: Renounce Religion, Heroism, Finesse


You were in the Dungeon.
You worshipped Okawaru.
Okawaru was extremely pleased with you.
You visited 1 branch You collected 1050 gold pieces.
You spent 663 gold pieces at shops.

Inventory:

Hand Weapons
 a - a +0 war axe (weapon)
Armour
 b - a +0 scale mail (worn)
 c - a +0 kite shield (worn)
 f - the +2 hat "Woqulu" (worn) {Int+3}
   (You bought it in a shop in the Dungeon)

   Int:       It affects your intelligence (+3).
 o - a +0 pair of gloves (worn)
 p - a +0 cloak (worn)
Jewellery
 d - the ring of Duthatokh (left hand) {rN+ Str+6 Int-4 Dex+4}
   (You bought it in a shop in the Dungeon)

   [ring of strength]

   Str:       It affects your strength (+6).
   Int:       It affects your intelligence (-4).
   Dex:       It affects your dexterity (+4).
   rN:        It protects you from negative energy.
 q - the amulet of Tomorrow (around neck) {rN+ Regen+ Dex+2}
   (You bought it in a shop in the Dungeon)

   [amulet of regeneration]

   Dex:       It affects your dexterity (+2).
   rN:        It protects you from negative energy.
   Regen:     It increases your rate of health regeneration.
 r - the ring "Rogg" (right hand) {*Slow Fly rC+++ rN+ Int+6}
   (You bought it in a shop in the Dungeon)

   [ring of intelligence]

   Int:       It affects your intelligence (+6).
   rC:        It renders you almost immune to cold.
   rN:        It protects you from negative energy.
   Fly:       It grants you flight.
   *Slow:     It may slow you when you take damage.
Wands
 l - a wand of acid (5)
 m - a wand of iceblast (5)
Scrolls
 j - 4 scrolls of blinking
 n - 3 scrolls of fog
Potions
 e - a potion of curing
 g - 4 potions of haste
 h - 2 potions of magic
 i - a potion of berserk rage
 k - a potion of resistance
 t - a potion of heal wounds
 u - a potion of ambrosia {unknown}
Miscellaneous
 s - a piece from Xom's chessboard (15/15)


   Skills:
 + Level 12.4 Fighting
 + Level 0.7(1.0) Short Blades
 + Level 0.8(1.0) Long Blades
 + Level 15.5 Axes
 + Level 0.8(10.4) Maces & Flails
 + Level 0.8(10.4) Polearms
 + Level 0.8(1.2) Staves
 + Level 1.2(1.4) Slings
 + Level 0.7 Bows
 + Level 0.7 Crossbows
 + Level 0.6(1.0) Throwing
 + Level 12.8 Armour
 + Level 7.7 Dodging
 + Level 2.0 Stealth
 + Level 15.1 Shields
 + Level 0.7 Unarmed Combat
 + Level 0.6 Spellcasting
 + Level 0.3 Conjurations
 + Level 0.3 Hexes
 + Level 0.3 Summonings
 + Level 0.3 Necromancy
 + Level 0.3 Translocations
 + Level 0.4 Transmutations
 + Level 0.3 Fire Magic
 + Level 0.3 Ice Magic
 + Level 0.3 Air Magic
 + Level 0.4 Earth Magic
 + Level 0.3 Poison Magic
 + Level 2.6 Invocations
 + Level 0.5 Evocations


You had 11 spell levels left.
You didn't know any spells.
Your spell library was empty.

Dungeon Overview and Level Annotations

Branches:
Dungeon (1/1)

Altars:
Cheibriados
Dithmenos
Fedhas
Gozag
Kikubaaqudgha
Makhleb
Okawaru
Qazlal
Ru
Sif Muna
Trog
Uskayaw
Vehumet
Wu Jian
Xom
Yredelemnul
Zin
The Shining One
Beogh
Jiyva
Lugonu

Shops:
D *[??*?*:[((!!!!


Innate Abilities, Weirdness & Mutations

You have a pair of horns on your head.
You reflexively headbutt those who attack you in melee.
You are very clumsy. (Dex -4)
You are dopey. (Int -2)
Your flesh is heat resistant. (rF+)
You are weak. (Str -2)
You sometimes lose the ability to read scrolls when taking damage.


Message History

You closely miss the merfolk aquamancer.
The merfolk aquamancer is moderately wounded.
You block the merfolk's attack.
You miss the merfolk aquamancer. You headbutt the merfolk aquamancer.
The merfolk aquamancer is moderately wounded.
The merfolk aquamancer hits you with a +4 rapier of holy wrath!
You hit the merfolk aquamancer. You headbutt the merfolk aquamancer!
The merfolk aquamancer is severely wounded.
The merfolk aquamancer mumbles some strange words.
The merfolk aquamancer blinks!
The merfolk hits you but does no damage.
You block the merfolk aquamancer's attack.
You closely miss the merfolk aquamancer.
Your headbutt misses the merfolk aquamancer.
The merfolk aquamancer is severely wounded.
You block the merfolk's attack.
Unknown command.
You hit the merfolk aquamancer.
The merfolk aquamancer is severely wounded.
You block the merfolk aquamancer's attack.
You closely miss the merfolk aquamancer.
The merfolk aquamancer is severely wounded.
The merfolk hits you from afar with a +0 trident!!
You feel threatened and lose the ability to read scrolls!
* * * LOW HITPOINT WARNING * * *
The merfolk aquamancer closely misses you.
You closely miss the merfolk aquamancer.
The merfolk aquamancer is severely wounded.
You block the merfolk's attack.
The merfolk aquamancer hits you with a +4 rapier of holy wrath!
* * * LOW HITPOINT WARNING * * *
You barely miss the merfolk aquamancer.
Your headbutt misses the merfolk aquamancer.
The merfolk aquamancer is severely wounded.
You block the merfolk's attack.
Unknown command.
You closely miss the merfolk aquamancer.
The merfolk aquamancer is severely wounded.
The merfolk aquamancer hits you with a +4 rapier of holy wrath!
You die...

#⌠........)..⌠#
######.8......m..8.######
##.___......###.......__∩##
###∩........8m# #.8........∩##
##......m......###÷....§..m....
#⌠..........###...###..........
#⌠..........# #mc.# #..........
#⌠..........###mS.###..........
##.........[..@###.............
###∩........8.# #.8........∩##
##∩.__......###.......__∩##
######.8.....)((.8.######
#⌠.......)...⌠# ###.........###
#_....(.._# #_......._#
#_.....[._#


You could see a sea snake, a merfolk aquamancer, a merfolk and a faun.

Vanquished Creatures
  An anaconda (D)
  A sea snake (D)
  2 harpies (D)
  A cyclops (D)
  A merfolk siren (D)
  A merfolk (D)
  Sigmund (D)
  7 neqoxecs (D)
  2 wyverns (D)
  A hell hound (D)
  A necrophage (D)
  5 wolves (D)
  A centaur (D)
  A quasit (D)
  A hound (D)
  An iron imp (D)
  Jessica (D)
  A shadow imp (D)
  A quokka (D)
  A bat (D)
32 creatures vanquished.

Notes
Turn   | Place    | Note
-------+----------+-------------------------------------------
     0 | D        | boopmooplesden the Minotaur Fighter began the quest for the
                  | Orb.
     0 | D        | Reached XP level 1. HP: 19/19 MP: 0/0
     3 | D        | Found an ancient bone altar of Kikubaaqudgha.
     4 | D        | Found a radiant altar of Vehumet.
     4 | D        | Found a burning altar of Makhleb.
     5 | D        | Found an ornate altar of the Wu Jian Council.
     5 | D        | Found a corrupted altar of Lugonu.
     5 | D        | Round 1.
     6 | D        | Found Zieskin's Do-It-Yourself Clinic.
     6 | D        | Found a shimmering blue altar of Sif Muna.
     6 | D        | Found a bloodstained altar of Trog.
     6 | D        | Found Qagusch's Distillery.
     7 | D        | Found Ufuaqyen's Bottled Wisdom.
     7 | D        | Found Ceppuk's Distillery.
    12 | D        | Found a glowing golden altar of the Shining One.
    13 | D        | Found a blossoming altar of Fedhas.
    14 | D        | Found a hide-covered altar of Uskayaw.
    15 | D        | Found a stormy altar of Qazlal.
    15 | D        | Found a basalt altar of Yredelemnul.
    15 | D        | Found a shimmering altar of Xom.
    15 | D        | Found Igodgh's Staff Store.
    15 | D        | Found Ketuiloh's Magic Scroll Shop.
    16 | D        | Found Nausm's Must-Have Magic.
    16 | D        | Found Ceirylop's Magic Scroll Shop.
    19 | D        | Found a sacrificial altar of Ru.
    20 | D        | Found an iron altar of Okawaru.
    23 | D        | Found Plog's Jewellery.
    23 | D        | Found Tocseth's Advanced Armour.
    23 | D        | Found an opulent altar of Gozag.
    23 | D        | Found a viscous altar of Jiyva.
    23 | D        | Found Kouhof's Identification Station.
    31 | D        | Noticed an iron imp
    35 | D        | Became a worshipper of Warmaster Okawaru
    40 | D        | HP: 1/22 [iron imp (9)]
    42 | D        | Killed an iron imp
    43 | D        | Reached skill level 5 in Fighting
    43 | D        | Reached skill level 5 in Armour
    43 | D        | Reached skill level 5 in Shields
    43 | D        | Reached XP level 2. HP: 2/29 MP: 1/1
    43 | D        | Reached XP level 3. HP: 2/36 MP: 2/2
    46 | D        | Found a snail-covered altar of Cheibriados.
    47 | D        | Found a glowing silver altar of Zin.
    48 | D        | Found a shadowy altar of Dithmenos.
    49 | D        | Found Logub's Premium Goods.
    49 | D        | Found Oweiq's Weapon Rack.
    50 | D        | Found Idweojah's Miscellaneous Merchandise.
    50 | D        | Found Juofaewa's Basic Armour.
   125 | D        | Reached XP level 4. HP: 36/44 MP: 3/3
   155 | D        | Arena points: 4 (+4) [x1]
   169 | D        | Round 2.
   170 | D        | Noticed a necrophage
   171 | D        | Bought a +0 pair of gloves for 54 gold pieces
   171 | D        | Bought a +0 cloak for 54 gold pieces
   179 | D        | Reached skill level 1 in Dodging
   179 | D        | Killed a necrophage
   179 | D        | Reached * piety under Okawaru
   180 | D        | Reached skill level 5 in Axes
   180 | D        | Reached XP level 5. HP: 37/53 MP: 4/4
   184 | D        | Noticed Sigmund
   193 | D        | Killed Sigmund
   194 | D        | Reached XP level 6. HP: 35/62 MP: 5/5
   219 | D        | Noticed Jessica
   225 | D        | Killed Jessica
   228 | D        | Arena points: 32 (+28) [x2]
   239 | D        | Bought a sparkling iron ring for 45 gold pieces
   239 | D        | Identified the ring of Duthatokh {rN+ Str+6 Int-4 Dex+4}
                  | (You bought it in a shop in the Dungeon)
   239 | D        | Bought a brightly glowing brass amulet for 45 gold pieces
   239 | D        | Identified the amulet of Tomorrow {rN+ Regen+ Dex+2} (You
                  | bought it in a shop in the Dungeon)
   239 | D        | Bought a twitching granite ring for 45 gold pieces
   239 | D        | Identified the ring "Rogg" {*Slow Fly rC+++ rN+ Int+6} (You
                  | bought it in a shop in the Dungeon)
   290 | D        | Round 3.
   307 | D        | Reached skill level 10 in Shields
   309 | D        | Reached skill level 10 in Armour
   309 | D        | Reached XP level 7. HP: 58/70 MP: 6/6
   318 | D        | Reached ** piety under Okawaru
   322 | D        | Reached skill level 10 in Fighting
   327 | D        | Arena points: 95 (+63) [x3]
   367 | D        | Round 4.
   374 | D        | Noticed a wyvern
   379 | D        | Killed a wyvern
   380 | D        | Reached XP level 8. HP: 44/80 MP: 7/7
   389 | D        | Reached *** piety under Okawaru
   393 | D        | Noticed a harpy
   401 | D        | Killed a harpy
   402 | D        | Reached skill level 10 in Axes
   402 | D        | Reached skill level 5 in Dodging
   402 | D        | Reached skill level 1 in Stealth
   432 | D        | Noticed a merfolk siren
   437 | D        | Noticed a merfolk
   450 | D        | Killed a merfolk siren
   450 | D        | Reached **** piety under Okawaru
   451 | D        | Noticed a cyclops
   465 | D        | Killed a cyclops
   466 | D        | Reached XP level 9. HP: 13/89 MP: 4/8
   466 | D        | Killed a merfolk
   466 | D        | Received a gift from Okawaru
   475 | D        | Noticed a harpy
   487 | D        | Killed a harpy
   487 | D        | Arena points: 239 (+144) [x4]
   488 | D        | Reached skill level 1 in Invocations
   553 | D        | Round 5.
   554 | D        | Noticed a giant anaconda
   567 | D        | Killed a giant anaconda
   567 | D        | Reached ***** piety under Okawaru
   567 | D        | Arena points: 479 (+240) [x6]
   568 | D        | Reached XP level 10. HP: 17/97 MP: 7/10
   570 | D        | Got a serpentine rune of Zot
   588 | D        | Bought 3 potions of heal wounds for 105 gold pieces
   596 | D        | Reached skill level 1 in Slings
   596 | D        | Reached XP level 11. HP: 26/104 MP: 11/11
   636 | D        | Bought a smoking hat for 315 gold pieces
   636 | D        | Identified the +2 hat "Woqulu" {Int+3} (You bought it in a
                  | shop in the Dungeon)
   758 | D        | Round 6.
   773 | D        | Gained mutation: Your flesh is heat resistant. (rF+) [a
                  | neqoxec]
   780 | D        | Gained mutation: You are clumsy. (Dex -2) [a neqoxec]
   783 | D        | Received a gift from Okawaru
   812 | D        | Gained mutation: You are weak. (Str -2) [a neqoxec]
   812 | D        | Gained mutation: You sometimes lose the ability to read
                  | scrolls when taking damage. [a neqoxec]
   815 | D        | Gained mutation: You are very clumsy. (Dex -4) [a neqoxec]
   832 | D        | Reached skill level 15 in Axes
   839 | D        | Gained mutation: You are dopey. (Int -2) [a neqoxec]
   847 | D        | Arena points: 815 (+336) [x7]
   887 | D        | Round 7.
   887 | D        | Noticed a sea snake
   892 | D        | Noticed a sea snake
   893 | D        | Noticed a merfolk aquamancer
   895 | D        | Killed a sea snake
   895 | D        | Received a gift from Okawaru
   896 | D        | Reached skill level 15 in Shields
   896 | D        | Noticed a merfolk aquamancer
   902 | D        | Noticed a merfolk impaler
   920 | D        | Slain by a merfolk aquamancer

Illustrated notes

Levels and vault maps discovered:
D:        arena_sprint

Skill      XL: |  1  2  3  4  5  6  7  8  9 10 11 |
---------------+----------------------------------+-----
Fighting       | 5 6 7 8 9 10 11 12 | 12.4
Armour         | 5 6 8 9 10 11 12 | 12.8
Shields        | 5 6 8 9 10 11 13 14 15 | 15.1
Axes           | 3 5 6 7 9 12 14 15 | 15.5
Dodging        | 1 2 3 4 6 7 |  7.7
Stealth        | 1 2 |  2.0
Invocations    | 1 2 |  2.6
Slings         | 1 |  1.2
Short Blades   | |  0.7
Long Blades    | |  0.8
Maces & Flails | |  0.8
Polearms       | |  0.8
Staves         | |  0.8
Bows           | |  0.7
Crossbows      | |  0.7
Throwing       | |  0.6
Unarmed Combat | |  0.7
Spellcasting   | |  0.6
Conjurations   | |  0.3
Hexes          | |  0.3
Summonings     | |  0.3
Necromancy     | |  0.3
Translocations | |  0.3
Transmutations | |  0.4
Fire Magic     | |  0.3
Ice Magic      | |  0.3
Air Magic      | |  0.3
Earth Magic    | |  0.4
Poison Magic   | |  0.3
Evocations     | |  0.5

Action                   |  1- 3 |  4- 6 |  7- 9 | 10-12 || total
-------------------------+-------+-------+-------+-------++-------
Melee: War axe           |    15 |    27 |    67 |    43 ||   152
       Headbutt          |     4 |     2 |    25 |    17 ||    48
Invok: Heroism           |       |       |     3 |     3 ||     6
  Use: Potion            |     1 |     1 |     3 |     3 ||     8
Armor: Scale mail        |    15 |    11 |    14 |     6 ||    46
Dodge: Dodged            |     9 |    10 |    33 |     3 ||    55
Block: Kite shield       |    12 |    19 |    54 |    23 ||   108
